 Dungeon Crawl Stone Soup version 0.25.1-2-g60ff931df9 (webtiles) character file.

Game seed: 973942807466183177

117 kikerikii the Vandal (level 5, 0/36 HPs)
             Began as a Halfling Abyssal Knight on Sept 15, 2020.
             Was a Believer of Lugonu.
             Slain by Crazy Yiuf
             ... wielding a +2 quarterstaff of chaos
              (4 damage)
             ... on level 2 of the Dungeon.
             The game lasted 00:05:00 (2410 turns).

kikerikii the Vandal (Halfling Abyssal Knight)      Turns: 2410, Time: 00:05:00

Health: 0/36       AC:  8    Str: 14    XL:     5   Next: 22%
Magic:  5/7        EV: 12    Int: 10    God:    Lugonu [**....]
Gold:   90         SH:  0    Dex: 14    Spells: 4/4 levels left

rFire    . . .     SeeInvis .   a - +1 falchion
rCold    . . .     Gourm    .   (shield restricted)
rNeg     . . .     Faith    .   l - +0 scale mail
rPois    .         Spirit   .   e - +0 helmet
rElec    .         Reflect  .   q - +0 cloak
rCorr    .         Harm     .   (no gloves)
MR       .....                  (no boots)
Stlth    ..........             (no amulet)
HPRegen  0.12/turn              (no ring)
MPRegen  0.10/turn              (no ring)

@: no status effects
A: small, mutation resistance 1
a: Depart the Abyss, Bend Space, Renounce Religion


You were on level 2 of the Dungeon.
You worshipped Lugonu.
Lugonu was pleased with you.
You were not hungry.

You visited 1 branch of the dungeon, and saw 2 of its levels.
You visited the Abyss 1 time.

You collected 90 gold pieces.

Inventory:

Hand Weapons
 a - a +1 falchion (weapon)
 b - a +0 hunting sling
 n - a +1 dagger of draining
Missiles
 h - 164 stones (quivered)
Armour
 d - a +0 leather armour
 e - a +0 helmet (worn)
 f - a +0 ring mail
 l - a +0 scale mail (worn)
 q - a +0 cloak (worn)
Jewellery
 k - a +4 ring of protection {unknown}
Scrolls
 j - a scroll of identify
Potions
 m - 3 potions of curing
Comestibles
 c - 6 rations
 g - 7 chunks of flesh


   Skills:
 + Level 3.3 Fighting
 - Level 2.0 Long Blades
 * Level 3.9 Slings
 - Level 2.1 Armour
 + Level 2.4 Dodging
 + Level 2.9 Invocations


You had 4 spell levels left.
You didn't know any spells.
Your spell library was empty.

Dungeon Overview and Level Annotations

Branches:
Dungeon (2/15)

Altars:
Makhleb
Nemelex Xobeh
Xom

Annotations:
D:2 Crazy Yiuf


Innate Abilities, Weirdness & Mutations

You are small and have problems with some larger weapons.
You are somewhat resistant to further mutation.


Message History

You hit Crazy Yiuf but do no damage. You drain Crazy Yiuf.
Crazy Yiuf is severely wounded.
Crazy Yiuf barely misses you.
You hit Crazy Yiuf. You drain Crazy Yiuf.
Crazy Yiuf is almost dead.
Crazy Yiuf misses you.
a - a +1 falchion (weapon)
Crazy Yiuf cries, "Earwax!"
Crazy Yiuf barely misses you.
You hit Crazy Yiuf but do no damage.
Crazy Yiuf is almost dead.
Crazy Yiuf hits you with a +2 quarterstaff of chaos!
* * * LOW HITPOINT WARNING * * *
Crazy Yiuf burns you.
* * * LOW HITPOINT WARNING * * *
You completely miss Crazy Yiuf.
Crazy Yiuf is almost dead.
Crazy Yiuf yells, "Trifle arga return to song!"
Crazy Yiuf hits you with a +2 quarterstaff of chaos.
You die...

####♣♣ ### ###.#..♣♣ ♣♣#..)#
#.......♣♣♣♣@g...#
#........♣§§♣#...# #...#...♣.♣♣♣
### ########## #...##♣♣♣♣♣
#...÷....# #.÷.# #...####..
#...################..##..##÷
#......#..............###....
..##......#..............##∩_...
#........###.....#........###....


You could see Crazy Yiuf (drained).

Vanquished Creatures
  A hound (D:2)
  Robin (D:2)
  An adder (D:2)
  A worm (D:2)
  A dart slug (D:2)
  4 leopard geckos
  3 giant cockroaches (D:1)
  15 goblins
  7 hobgoblins
  A quokka (D:1)
  6 bats
  2 frilled lizards (D:1)
  6 kobolds
  7 rats
56 creatures vanquished.

Vanquished Creatures (others)
  A goblin (D:2)
1 creature vanquished.

Grand Total: 57 creatures vanquished

Notes
Turn   | Place    | Note
-------+----------+-------------------------------------------
     0 | Abyss:1  | kikerikii the Halfling Abyssal Knight began the quest for
                  | the Orb.
     0 | Abyss:1  | Reached XP level 1. HP: 15/15 MP: 2/2
    38 | Abyss:1  | Found a roughly hewn altar of Beogh.
    39 | Abyss:1  | Noticed a small abomination
    40 | D:1      | Escaped the Abyss
   414 | D:1      | Reached skill level 1 in Slings
   419 | D:1      | Reached XP level 2. HP: 18/20 MP: 3/3
   941 | D:2      | Found a sparkling altar of Nemelex Xobeh.
   945 | D:1      | Reached * piety under Lugonu
   958 | D:1      | Reached XP level 3. HP: 14/25 MP: 4/4
  1783 | D:2      | Reached XP level 4. HP: 31/31 MP: 5/5
  1800 | D:2      | Noticed Robin
  1816 | D:2      | Killed Robin
  2181 | D:2      | Found a shimmering altar of Xom.
  2201 | D:2      | Reached ** piety under Lugonu
  2316 | D:2      | Reached XP level 5. HP: 33/36 MP: 7/7
  2340 | D:2      | Found a burning altar of Makhleb.
  2392 | D:2      | Found a runed translucent door.
  2393 | D:2      | Noticed Crazy Yiuf
  2410 | D:2      | Slain by Crazy Yiuf

Illustrated notes

Levels and vault maps discovered:
D:1:      noname_arrival_rooms_in_the_neighbourhood, layout_basic
D:2:      layout_rooms, makhleb_heckhound_becter, tgw_xom,
          nemelex_xobeh_ov_fountains_minmay, minmay_snake_closets, uniq_robin,
          uniq_crazy_yiuf_cottage

Skill      XL: |  1  2  3 |
---------------+----------+-----
Slings         | 1 2 3 |  3.9
Fighting       | 3 |  3.3
Dodging        | 2 |  2.4
Long Blades    | |  2.0
Armour         | |  2.1
Invocations    | |  2.9

Action                   |  1- 3 |  4- 6 || total
-------------------------+-------+-------++-------
Melee: Falchion          |    94 |    12 ||   106
       Dagger            |     5 |    43 ||    48
 Fire: Hunting sling     |     7 |    11 ||    18
Invok: Depart the Abyss  |     1 |       ||     1
  Use: Scroll            |     8 |     1 ||     9
  Eat: Chunk             |     3 |     2 ||     5
Armor: Ring mail         |    53 |    22 ||    75
       Scale mail        |       |     9 ||     9
Dodge: Dodged            |   121 |    46 ||   167
       Rpst.: Falchion   |    36 |     3 ||    39
